 Dungeon Crawl Stone Soup version 0.29.0-15-g675c0067aa (webtiles) character file.

Game seed: 10411300329492713261

5547 DoubleLucky the Thaumaturge (level 10, -4/81 HPs)
             Began as a Purple Draconian Fire Elementalist on Sept 11, 2022.
             Was a Believer of Vehumet.
             Slain by a two-headed ogre
             ... wielding a +0 giant club
              (23 damage)
             ... on level 11 of the Dungeon.
             The game lasted 00:52:18 (12938 turns).

DoubleLucky the Thaumaturge (DrFE)                 Turns: 12938, Time: 00:52:19

Health: -4/81      AC: 11    Str: 10    XL:     10   Next: 44%
Magic:  25/25      EV: 15    Int: 19    God:    Vehumet [**....]
Gold:   1307       SH:  0    Dex: 19    Spells: 16/31 levels left

rFire   + . .      SeeInvis .   x - +1 short sword (elec)
rCold   . . .      Faith    .   (no shield)
rNeg    . . .      Spirit   .   (body armour unavailable)
rPois   .          Reflect  .   (helmet restricted)
rElec   .          Harm     .   j - +0 cloak
rCorr   .          Rampage  .   B - +0 pair of gloves
Will    ++...                   k - +1 pair of boots "Semp" {rF+ Dex+6}
Stlth   +.........              (no amulet)
HPRegen 0.23/turn               u - ring of willpower
MPRegen 0.19/turn               y - ring of wizardry

@: confused, ambrosia-drunk, marked, hasted, very quick
A: breathe power, AC +7, unfitting armour, cold-blooded
a: Breathe Dispelling Energy, Renounce Religion


You were on level 11 of the Dungeon.
You worshipped Vehumet.
Vehumet was pleased with you.
You visited 2 branches of the dungeon, and saw 12 of its levels.

You collected 1307 gold pieces.

Inventory:

Hand Weapons
 b - a +0 dagger
 x - a +1 short sword of electrocution (weapon)
Missiles
 e - 2 curare-tipped darts
 f - 4 atropa-tipped darts
 t - 14 poisoned darts
 w - 2 throwing nets
Armour
 j - a +0 cloak (worn)
 k - the +1 pair of boots "Semp" (worn) {rF+ Dex+6}
   (You acquired it on level 7 of the Dungeon)

   Dex:       It affects your dexterity (+6).
   rF:        It protects you from fire.
 z - a +0 pair of boots
 B - a +0 pair of gloves (worn)
Magical Staves
 D - a staff of death
 I - a staff of conjuration
Jewellery
 u - a ring of willpower (left hand)
 y - a ring of wizardry (right hand)
 A - a ring of ice
 H - a +4 ring of evasion
 K - a ring of willpower
 M - a ring of see invisible
Wands
 h - a wand of acid (11)
 C - a wand of iceblast (10)
 N - a wand of mindburst (8)
 O - a wand of paralysis (2)
Scrolls
 i - 4 scrolls of fog
 o - a scroll of poison {unknown}
 p - 3 scrolls of teleportation
 q - a scroll of vulnerability {unknown}
 r - 3 scrolls of enchant armour {unknown}
 F - a scroll of fear {unknown}
 G - 2 scrolls of summoning {unknown}
 J - 2 scrolls of amnesia {unknown}
 L - 2 scrolls of blinking {unknown}
 P - a scroll of identify
Potions
 a - 3 potions of magic
 d - a potion of ambrosia
 g - a potion of brilliance {unknown}
 l - 3 potions of curing
 m - a potion of haste
 n - 3 potions of attraction
 s - 3 potions of might
 v - a potion of flight {unknown}
 E - a potion of cancellation {unknown}


   Skills:
 - Level 5.0 Fighting
 - Level 5.0 Dodging
 - Level 1.7 Stealth
 + Level 11.2 Spellcasting
 - Level 4.0 Conjurations
 - Level 6.0 Hexes
 + Level 3.0 Translocations
 - Level 5.0 Fire Magic
 - Level 3.0 Air Magic
 - Level 3.0 Poison Magic


You had 16 spell levels left.
You knew the following spells:

 Your Spells              Type           Power      Damage    Failure   Level
a - Foxfire               Conj/Fire      100%       2x1d9     1%          1
b - Scorch                Fire           58%        2d7       1%          2
c - Conjure Flame         Conj/Fire      27%        6-21      1%          3
d - Inner Flame           Hex/Fire       31%        N/A       1%          3
e - Poisonous Vapours     Pois/Air       44%        N/A       1%          2
f - Slow                  Hex            100%       N/A       1%          1
g - Gell's Gravitas       Tloc           22%        N/A       2%          3

Your spell library contained the following spells:

 Spells                   Type           Power      Damage    Failure   Level
 Shock                    Conj/Air       92%        1d8       1%          1
 Confusing Touch          Hex            33%        N/A       1%          3
 Ignite Poison            Fire/Tmut/Pois 20%        N/A       2%          3
 Teleport Other           Tloc           22%        N/A       2%          3
 Flame Wave               Conj/Fire      27%        2d9       4%          4
 Sticky Flame             Conj/Fire      27%        2d5       4%          4
 Vampiric Draining        Necr           10%        2d6       9%          3
 Corpse Rot               Necr/Pois/Air  18%        N/A       12%         4
 Dispersal                Tloc           11%        N/A       71%         6


Dungeon Overview and Level Annotations

Branches:
Dungeon (11/15)            Temple (1/1) D:6            Lair (0/5) D:8
    Orc: D:9-12

Altars:
Ashenzari
Cheibriados
Dithmenos
Elyvilon
Fedhas
Gozag
Hepliaklqana
Kikubaaqudgha
Makhleb
Nemelex Xobeh
Okawaru
Qazlal
Ru
Sif Muna
Trog
Uskayaw
Vehumet
Wu Jian
Xom
Yredelemnul
Zin
The Shining One

Shops:
D:4 (

Annotations:
D:5 exclusion: door, Edmund
D:6 2 transporters, kthxbai's ghost, novice NaTm
D:7 3 runed translucent doors, tensugalgo's ghost, novice OgNe
D:9 exclusion: 2 downstairs
D:10 exclusions: upstairs and 2 more exclusions, Fannar


Innate Abilities, Weirdness & Mutations

You can breathe bolts of dispelling energy.
Your rich purple scales are hard. (AC +7)
You cannot fit into any form of body armour.
You are cold-blooded and may be slowed by cold attacks.


Message History

Casting: Scorch (safe; 1% risk of failure)
Confirm with . or Enter, or press ? or * to list all spells.
Aiming: Inner Flame (safe; 1% risk of failure)
Press: ? - help, Dir - move target, f - two-headed ogre
Aim: a two-headed ogre, wielding two +0 giant clubs (chance to affect: 71%)
The two-headed ogre is filled with an inner flame.
The two-headed ogre hits you with a +0 giant club! x2
Casting: Inner Flame (safe; 1% risk of failure)
Confirm with . or Enter, or press ? or * to list all spells.
You conjure some foxfire!
The foxfire hits the orc!
You kill the orc!
Vehumet accepts your kill.
An orc comes into view. It is wielding a +0 dagger.
Your foxfire dissipates!
Casting: Foxfire (safe; 1% risk of failure)
Confirm with . or Enter, or press ? or * to list all spells.
You conjure some foxfire!
An orc comes into view. It is wielding a +0 club.
The foxfire hits the orc.
The orc is heavily wounded.
The two-headed ogre hits you with a +0 giant club!!
* * * LOW HITPOINT WARNING * * *
The two-headed ogre hits you with a +0 giant club!
* * * LOW HITPOINT WARNING * * *
Your foxfire dissipates!
An orc comes into view. It is wielding a +0 hand axe.
Okay, then.
Unknown command.
You feel much better.
The two-headed ogre hits you with a +0 giant club! x2
* * * LOW HITPOINT WARNING * * *
You feel much better.
You feel yourself speed up. The two-headed ogre misses you.
The two-headed ogre hits you with a +0 giant club!!
* * * LOW HITPOINT WARNING * * *
You are confused.
You feel invigorated.
You bump into the rock wall.
The two-headed ogre hits you with a +0 giant club!!
You die...

#. #.# #.#
#.# ####.##
.....# #
#..###
#.#####).).#
#..@Oooo##<#
##########.#
#W. ##.# ..
#.O o$ ...


You could see a two-headed ogre (inner flame) and 3 orcs.

Vanquished Creatures
  Harold (D:10)
  A komodo dragon (D:8)
  3 trolls (D:9)
  Sigmund (D:2)
  A wraith (D:11)
  6 yaks
  2 orc warriors
  An ice beast (D:7)
  A phantom (D:6)
  5 kobold brigands
  6 bullfrogs
  A gnoll sergeant (D:8)
  2 scorpions
  8 wights (D:9)
  5 howler monkeys
  A gnoll bouda (D:8)
  3 orc priests
  3 jellies
  Ijyb (D:4)
  4 iguanas
  8 orc wizards
  23 gnolls
  5 adders
  2 white imps
  An ufetubus (D:7)
  3 worms
  3 dart slugs
  29 orcs
  6 bats
  7 endoplasms
  2 giant cockroaches (D:3)
  8 goblins
  14 hobgoblins
  3 jackals (D:5)
  37 kobolds
  5 quokkas
  15 ball pythons
  2 frilled lizards (D:1)
  5 rats
234 creatures vanquished.

Vanquished Creatures (collateral kills)
  A foxfire (D:1)
1 creature vanquished.

Vanquished Creatures (others)
  710 foxfires
  9 plants (D:8)
719 creatures vanquished.

Grand Total: 954 creatures vanquished

Notes
Turn   | Place    | Note
-------+----------+-------------------------------------------
     0 | D:1      | DoubleLucky the Draconian Fire Elementalist began the quest
                  | for the Orb.
     0 | D:1      | Reached XP level 1. HP: 14/14 MP: 3/3
   236 | D:1      | Reached XP level 2. HP: 20/20 MP: 1/5
  1127 | D:1      | Found a faded altar of an unknown god.
  1300 | D:1      | Reached XP level 3. HP: 26/26 MP: 3/6
  1371 | D:2      | Learned a level 2 spell: Scorch
  1375 | D:2      | Learned a level 3 spell: Conjure Flame
  1548 | D:2      | Found an iron altar of Okawaru.
  1877 | D:2      | Noticed Sigmund
  2184 | D:2      | Killed Sigmund
  2185 | D:2      | Reached XP level 4. HP: 33/33 MP: 0/7
  2185 | D:2      | Reached XP level 5. HP: 38/38 MP: 0/8
  2672 | D:2      | Reached skill level 5 in Fire Magic
  3056 | D:3      | Identified the +4 ring mail "Asollano" {rC+ rN+ Will+
                  | Int+3}
  3270 | D:3      | Found an iron altar of Okawaru.
  4082 | D:4      | Found Ulilue's Antique Weapon Shoppe.
  4119 | D:4      | Reached XP level 6. HP: 45/45 MP: 5/10
  4181 | D:4      | Reached skill level 3 in Spellcasting
  4407 | D:4      | Learned a level 3 spell: Inner Flame
  4560 | D:4      | Reached skill level 4 in Spellcasting
  4677 | D:4      | Noticed Ijyb
  4680 | D:4      | Killed Ijyb
  5026 | D:4      | Your scales start taking on a rich purple colour.
  5026 | D:4      | Reached skill level 5 in Spellcasting
  5026 | D:4      | Reached XP level 7. HP: 50/50 MP: 9/15
  5268 | D:4      | Reached skill level 6 in Spellcasting
  6329 | D:5      | Entered Level 5 of the Dungeon
  6528 | D:5      | Noticed Edmund
  6919 | D:5      | Reached skill level 5 in Hexes
  6922 | D:5      | Learned a level 2 spell: Poisonous Vapours
  7237 | D:6      | Reached skill level 1 in Air Magic
  7237 | D:6      | Reached skill level 1 in Poison Magic
  7237 | D:6      | Reached XP level 8. HP: 57/57 MP: 13/17
  7356 | D:6      | Found a staircase to the Ecumenical Temple.
  7610 | Temple   | Entered the Ecumenical Temple
  7828 | Temple   | Became a worshipper of Vehumet
  7944 | D:6      | Found a transporter.
  7958 | D:6      | Found a transporter.
  7958 | D:6      | Noticed kthxbai's ghost (novice NaTm)
  8081 | D:6      | Learned a level 1 spell: Slow
  8278 | D:7      | Reached skill level 1 in Fighting
  8377 | D:7      | Found a runed translucent gate.
  8377 | D:7      | Found a runed translucent gate.
  8377 | D:7      | Found a runed translucent gate.
  8378 | D:7      | Noticed a spectral unseen horror
  8697 | D:7      | Identified 3 scrolls of acquirement
  8706 | D:7      | Acquired 722 gold pieces
  8708 | D:7      | Acquired a staff of conjuration
  8709 | D:7      | Acquired the +1 pair of boots "Semp" {rF+ Dex+6}
  8746 | D:7      | Found a blossoming altar of Fedhas.
  9162 | D:7      | Noticed tensugalgo's ghost (novice OgNe)
  9801 | D:7      | Reached skill level 5 in Fighting
 10103 | D:8      | Reached XP level 9. HP: 67/74 MP: 14/18
 10286 | D:8      | Reached * piety under Vehumet
 10286 | D:8      | Offered knowledge of Magic Dart by Vehumet.
 10300 | D:8      | Noticed a komodo dragon
 10307 | D:8      | Killed a komodo dragon
 10409 | D:8      | Found a glowing silver altar of Zin.
 10409 | D:8      | Noticed an angel
 10464 | D:8      | Found a staircase to the Lair.
 10757 | D:9      | Reached skill level 5 in Dodging
 10764 | D:9      | Reached skill level 7 in Spellcasting
 11001 | D:8      | Reached skill level 8 in Spellcasting
 11118 | D:9      | Noticed a troll
 11124 | D:9      | Killed a troll
 11125 | D:9      | Reached skill level 9 in Spellcasting
 11473 | D:9      | Noticed a troll
 11478 | D:9      | Killed a troll
 11479 | D:9      | Reached XP level 10. HP: 52/81 MP: 3/23
 11726 | D:9      | Reached skill level 10 in Spellcasting
 12328 | D:9      | Learned a level 3 spell: Gell's Gravitas
 12572 | D:10     | Entered Level 10 of the Dungeon
 12572 | D:10     | Noticed Fannar
 12796 | D:9      | Reached ** piety under Vehumet
 12796 | D:9      | Offered knowledge of Shock by Vehumet.
 12797 | D:9      | Reached skill level 1 in Translocations
 12890 | D:10     | Noticed Harold
 12901 | D:10     | Killed Harold
 12902 | D:10     | Reached skill level 11 in Spellcasting
 12914 | D:11     | Noticed a two-headed ogre
 12938 | D:11     | Slain by a two-headed ogre

Illustrated notes

Levels and vault maps discovered:
D:1:      erik_arrival_blinker_ship, layout_basic, serial_forest,
          infiniplex_forest_lined_corner, infiniplex_forest_corner_1,
          infiniplex_forest_lined_2, infiniplex_forest_straight_2,
          basic_ecumenical_altar
D:2:      layout_basic, basic_altar, minmay_misc_feat_tiny, uniq_sigmund
D:3:      layout_basic, okawaru_ov_weapons_minmay
D:4:      minmay_goblin_kobold_castle, layout_cave_pools, serial_shops,
          shop_statue, uniq_ijyb
D:5:      layout_loops_corners, uniq_edmund
D:6:      layout_rooms, minmay_temple_entry_tees, gammafunk_ghost_hive
D:7:      layout_gridville, fedhas_altar_fruit_tree, gammafunk_ghost_necromancy
D:8:      layout_rooms, zin_angel, david_lair_shrubbed
D:9:      layout_roguey
D:10:     layout_loops_ring, uniq_fannar, uniq_harold
D:11:     layout_loops_ring, orc_david_3, serial_shops,
          nicolae_shop_hallway_plus, nicolae_shop_window_shopping,
          nicolae_take_the_stairs, elves_outpost_lemuel
Temple:   nicolae_temple_bog_church

Skill      XL: |  1  2  3  4  5  6  7  8  9 10 |
---------------+-------------------------------+-----
Conjurations   | 2 3 4 |  4.0
Fire Magic     | 4 5 |  5.0
Spellcasting   | 5 6 9 11 | 11.2
Hexes          | 5 6 |  6.0
Air Magic      | 1 3 |  3.0
Poison Magic   | 1 3 |  3.0
Fighting       | 5 |  5.0
Dodging        | 2 5 |  5.0
Translocations | 3 |  3.0
Stealth        | |  1.7

Action                   |  1- 3 |  4- 6 |  7- 9 | 10-12 || total
-------------------------+-------+-------+-------+-------++-------
Melee: Dagger            |    20 |    27 |     2 |       ||    49
       Tailslap          |     3 |     4 |     4 |       ||    11
       Punch             |     1 |       |     2 |       ||     3
       Short sword       |       |       |    32 |       ||    32
 Cast: Foxfire           |    71 |   103 |   215 |    37 ||   426
       Scorch            |     2 |    11 |    29 |    24 ||    66
       Inner Flame       |       |     2 |    43 |    13 ||    58
  Use: Scroll            |       |     2 |    10 |       ||    12
       Potion            |       |     2 |       |     6 ||     8
 Stab: Distracted        |       |       |     1 |       ||     1
Armor: Skin              |     7 |     3 |    24 |    10 ||    44
Dodge: Dodged            |    16 |    22 |    47 |    23 ||   108
